[ AOE2 MATCH · #506306592 ]
UnrankedTupi vs Malians
Player's team · WIN
Rival team · LOSS
[ REPLAY ANALYSIS · EXTRACTED FROM THE RECORDED GAME ]
Feudal
—
Castle
—
Imperial
—
| APM avg | 56.0 |
| APM peak | 73 |
| eAPM avg | 20.5 |
| Villagers / military | 53 / 0 |
Focus
⚔️ 16.4% · 🌾 83.6%
Feudal
10:17
Castle
—
Imperial
—
| APM avg | 74.7 |
| APM peak | 111 |
| eAPM avg | 40.7 |
| Villagers / military | 34 / 0 |
Focus
⚔️ 41.3% · 🌾 58.7%
Match map
Initial resources + every placement click. Lines = walls · curves = elevation contours. ◆ gold · ⬟ stone · ● berries · ✦ relic · ◌ wall gap
Your base· Open — unwalled flank
Parzivall's base· Open — unwalled flank
Smoothed initial terrain · ◌ = detected wall gap · hover for details
Inputs per minute
— TE MS MOE - - Parzivall
Build order — TE MS MOE
66 actions detected in the replay
| 0:01 | Queue | Villager (Male) |
| 0:02 | Build | House |
| 0:03 | Build | House |
| 0:13 | Queue | Villager (Male) |
| 0:13 | Queue | Villager (Male) |
| 0:13 | Queue | Villager (Male) |
| 0:13 | Queue | Villager (Male) |
| 1:12 | Queue | Villager (Male) |
| 1:12 | Queue | Villager (Male) |
| 1:55 | Queue | Villager (Male) |
| 1:55 | Queue | Villager (Male) |
| 2:11 | Build | Settlement |
| 2:21 | Queue | Villager (Male) |
| 2:22 | Queue | Villager (Male) |
| 2:50 | Queue | Villager (Male) |
| 2:50 | Queue | Villager (Male) |
| 2:52 | Queue | Villager (Male) |
| 3:06 | Queue | Villager (Male) |
| 3:06 | Queue | Villager (Male) |
| 3:48 | Queue | Villager (Male) |
| 3:49 | Queue | Villager (Male) |
| 3:50 | Research | Loom |
| 4:56 | Queue | Villager (Male) |
| 4:56 | Queue | Villager (Male) |
| 4:57 | Queue | Villager (Male) |
| 4:57 | Queue | Villager (Male) |
| 4:57 | Queue | Villager (Male) |
| 5:28 | Queue | Villager (Male) |
| 5:28 | Queue | Villager (Male) |
| 5:28 | Queue | Villager (Male) |
| 6:29 | Build | House |
| 7:01 | Build | Town Center |
| 7:21 | Build | Palisade Wall |
| 7:57 | Queue | Villager (Male) |
| 7:57 | Queue | Villager (Male) |
| 7:57 | Queue | Villager (Male) |
| 7:57 | Queue | Villager (Male) |
| 7:57 | Queue | Villager (Male) |
| 9:23 | Queue | Villager (Male) |
| 9:23 | Queue | Villager (Male) |
| 9:41 | Queue | Villager (Male) |
| 10:15 | Build | Palisade Wall |
| 10:18 | Queue | Villager (Male) |
| 10:18 | Queue | Villager (Male) |
| 10:19 | Queue | Villager (Male) |
| 10:39 | Queue | Villager (Male) |
| 10:40 | Queue | Villager (Male) |
| 10:46 | Queue | Villager (Male) |
| 10:52 | Build | House |
| 11:21 | Queue | Villager (Male) |
| 11:22 | Queue | Villager (Male) |
| 11:22 | Queue | Villager (Male) |
| 11:56 | Queue | Villager (Male) |
| 12:15 | Build | Palisade Wall |
| 12:17 | Build | Palisade Wall |
| 12:31 | Queue | Villager (Male) |
| 12:31 | Queue | Villager (Male) |
| 12:31 | Queue | Villager (Male) |
| 13:12 | Queue | Villager (Male) |
| 13:14 | Queue | Villager (Male) |
| 13:14 | Queue | Villager (Male) |
| 13:17 | Build | House |
| 13:49 | Queue | Villager (Male) |
| 14:03 | Build | Palisade Wall |
| 14:09 | Queue | Villager (Male) |
| 14:56 | Queue | Villager (Male) |
Build order — Parzivall
57 actions detected in the replay
| 0:01 | Queue | Villager (Male) |
| 0:03 | Build | House |
| 0:04 | Build | House |
| 0:07 | Queue | Villager (Male) |
| 0:09 | Queue | Villager (Male) |
| 0:09 | Queue | Villager (Male) |
| 0:09 | Queue | Villager (Male) |
| 1:32 | Queue | Villager (Male) |
| 1:33 | Queue | Villager (Male) |
| 1:33 | Queue | Villager (Male) |
| 1:58 | Build | Lumber Camp |
| 2:10 | Queue | Villager (Male) |
| 2:11 | Queue | Villager (Male) |
| 2:21 | Queue | Villager (Male) |
| 2:47 | Queue | Villager (Male) |
| 2:47 | Queue | Villager (Male) |
| 2:48 | Queue | Villager (Male) |
| 3:03 | Queue | Villager (Male) |
| 3:03 | Queue | Villager (Male) |
| 3:37 | Build | House |
| 3:40 | Queue | Villager (Male) |
| 3:40 | Queue | Villager (Male) |
| 3:53 | Queue | Villager (Male) |
| 4:22 | Build | Mill |
| 4:33 | Queue | Villager (Male) |
| 4:50 | Queue | Villager (Male) |
| 4:51 | Queue | Villager (Male) |
| 4:52 | Queue | Villager (Male) |
| 5:17 | Build | House |
| 5:37 | Queue | Villager (Male) |
| 5:42 | Queue | Villager (Male) |
| 6:09 | Build | House |
| 6:36 | Queue | Villager (Male) |
| 6:37 | Research | Loom |
| 6:37 | Research | Loom |
| 6:43 | Build | Palisade Gate |
| 8:07 | Research | Feudal Age |
| 8:07 | Research | Feudal Age |
| 8:19 | Build | Lumber Camp |
| 9:35 | Queue | Villager (Male) |
| 9:56 | Build | Palisade Gate |
| 9:59 | Build | Palisade Gate |
| 10:04 | Build | Palisade Gate |
| 10:17 | Age | Feudal Age |
| 10:20 | Queue | Villager (Male) |
| 10:40 | Build | House |
| 10:46 | Queue | Villager (Male) |
| 10:49 | Build | House |
| 10:53 | Build | Mill |
| 11:04 | Queue | Villager (Male) |
| 11:13 | Queue | Villager (Male) |
| 11:36 | Queue | Villager (Male) |
| 11:49 | Queue | Villager (Male) |
| 11:57 | Queue | Villager (Male) |
| 12:15 | Research | Wheelbarrow |
| 12:52 | Build | Palisade Gate |
| 12:55 | Build | Palisade Gate |
Match timeline
| 7:21 | TE MS MOE · wall_segment Palisade Wall x1 |
| 10:15 | TE MS MOE · wall_segment Palisade Wall x1 |
| 10:17 | Parzivall · age_up feudal |
| 12:15 | TE MS MOE · wall_segment Palisade Wall x1 |
| 12:17 | TE MS MOE · wall_segment Palisade Wall x1 |
| 14:03 | TE MS MOE · wall_segment Palisade Wall x1 |
| 15:53 | Parzivall · resign |
[ AI ANALYSIS · 1 CREDIT ]
What really happened in this match?
Wolo.gg analyzes every decision: build order, eco, micro, common mistakes by bracket. Personalized analysis on WhatsApp or Discord in 30 seconds.
Civ guide
Tupi
Perfil
Jugador #22749910